Match 46656969
Unlisted

Match 46656969
End
Kradschützen Motorcycle Team
Panzergrenadier Squad
Panzergrenadier Squad
Construct Light Support Kompanie
MG34 Team
Fire Support Elements
le.IG 18 Mechanized Group
Assault Grenadier Squad
Selects Panzerjäger Kommand Battlegroup
Selects Tank Busters
Selects Mine Fields
Flakvierling Half-track
Panzerjäger Mechanized Group
Selects Crew Shock Tactics
Construct Mechanized Kompanie
SpookyWoodenKlown
dvmarkdv
Jango_BR
feenix
Madblazer
Mr_NoteAr
User1diego
lucidgemini99
0
0

Comments sign in to comment!

No comments posted yet!